AoeStats
← Maquee94

Arabia

504112467Analyzed
1v1 RM · 26d ago on Sep 4, 2026· 74m 0s· 2 players
Game mode
Random Map
Map size
Tiny (2 player)
Population
200
Speed
Normal
Resources
Standard
Victory
Conquest
Starting age
Dark Age
Ending age
Imperial Age
RankedLock teamsTeams togetherTeam positionsShared explorationLock speedFull tech treeHidden civsTurbo modeCheats
Victory
Defeat
🇦🇪 Malians · United Arab Emirates
803
+16
🇨🇱 Vietnamese · Chile
806
-16
PEZKDOOR
10:10 Feudal Age
10:21 Man-at-Arms
12:50 Loom
23:58 Castle Age
23:54 Double-Bit Axe
23:56 Horse Collar
30:36 Bloodlines
34:40 Forging
38:45 Fletching
38:57 Padded Archer Armor
47:09 Wheelbarrow
50:19 Hand Cart
56:22 Imperial Age
59:37 Chemistry
62:02 Bodkin Arrow
65:01 Onager
67:03 Heavy Camel Rider
Maquee94
8:30 Loom
11:05 Feudal Age
11:50 Double-Bit Axe
19:25 Arson
21:26 Fletching
21:36 Padded Archer Armor
23:07 Bloodlines
26:11 Wheelbarrow
29:17 Horse Collar
33:52 Castle Age
33:24 Forging
33:14 Scale Mail Armor
34:14 Pikeman
36:04 Light Cavalry
40:28 Bow Saw
40:19 Heavy Plow
40:08 Crossbowman
40:56 Thumb Ring
43:13 Scale Barding Armor
45:59 Elite Skirmisher
51:14 Bodkin Arrow
51:35 Leather Archer Armor
53:25 Husbandry
58:50 Iron Casting
Connection lost

Rejoining the realm…

Still unreachable

The connection could not be restored.

Session expired

The server has moved on; the page needs a fresh start.